 Dungeon Crawl Stone Soup version 0.26.1-16-g4e020e15dc (webtiles) character file.

Game seed: 13685378118170839318

16 Froggeryz the Cudgeller (level 2, -2/21 HPs)
             Began as an Octopode Berserker on Mar 3, 2023.
             Was a Follower of Trog.
             Slain by a hobgoblin
             ... wielding a +0 club
              (7 damage)
             ... on level 1 of the Dungeon.
             The game lasted 00:00:16 (190 turns).

Froggeryz the Cudgeller (Octopode Berserker)         Turns: 190, Time: 00:00:17

Health: -2/21      AC:  1    Str: 16    XL:     2   Next: 54%
Magic:  2/2        EV: 14    Int:  9    God:    Trog [*.....]
Gold:   6          SH:  0    Dex: 11    Spells: 1/1 levels left

rFire    . . .     SeeInvis .   b - +0 dagger (venom)
rCold    . . .     Faith    .   (no shield)
rNeg     . . .     Spirit   .   (helmet restricted)
rPois    .         Reflect  .   (no amulet)
rElec    .         Harm     .   (no ring)
rCorr    .         Rampage  .   (no ring)
Will     .....                  (no ring)
Stlth    +++.......             (no ring)
HPRegen  0.07/turn              (no ring)
MPRegen  0.08/turn              (no ring)
                                (no ring)
                                (no ring)

@: no status effects
A: almost no armour, stealthy swim, amphibious, 8 rings, constrict 8, camouflage
1, gelatinous body 1
a: Renounce Religion, Berserk


You were on level 1 of the Dungeon.
You worshipped Trog.
Trog was aware of your devotion.
You visited 1 branch of the dungeon, and saw 1 of its levels.

You collected 6 gold pieces.

Inventory:

Hand Weapons
 a - a +0 mace
 b - a +0 dagger of venom (weapon)
Scrolls
 c - a scroll of remove curse {unknown}


   Skills:
 + Level 3.2 Fighting
 * Level 3.4 Maces & Flails
 - Level 3.0 Dodging
 + Level 1.4 Stealth


You had one spell level left.
You didn't know any spells.
Your spell library was empty.

Dungeon Overview and Level Annotations

Branches:
Dungeon (1/15)

Altars:


Innate Abilities, Weirdness & Mutations

You cannot wear most types of armour.
You are very stealthy in the water. (Stealth+)
You are amphibious.
You can wear up to eight rings at the same time.
You can use your tentacles to constrict eight enemies at once.
Your skin changes colour to match your surroundings (Stealth+).
Your rubbery body absorbs attacks. (AC +1, EV +1)


Message History

You barely miss the kobold. Your grab misses the kobold.
The bat hits you but does no damage. The bat hits you.
The kobold closely misses you. The kobold misses you.
You are too injured to fight recklessly!
You hit the kobold.
The kobold is poisoned.
Your grab misses the kobold. You squeeze the kobold.
You kill the kobold!
Trog accepts your kill. The bat closely misses you.
The kobold barely misses you.
You barely miss the goblin. Your grab misses the goblin. The goblin misses you.
The kobold hits you with a +0 short sword.
The hobgoblin hits you but does no damage.
You hit the hobgoblin but do no damage.
The hobgoblin is poisoned.
You grab the hobgoblin.
You constrict the hobgoblin, but do no damage.
The goblin completely misses you.
The kobold hits you with a +0 short sword.
* * * LOW HITPOINT WARNING * * *
The hobgoblin hits you with a +0 club!
You die... ... .## ?#. .#) .# ♣P ♣♣....##.##.. ..##..# P.P♣..P..##.#... ...#.. ..PP♣.P........$#..... ..P.P.P#.##.#..!....# .P..........##..b..# #........##.# #ggK#

...#.#......####@####..
..............)........#
†#####..........##.#...#
(..........#.#### ... ##
.#####.....#.# ### .#
###.#$#.# .# #.#.#.# .#
#.#.#.# .#### #.#.#.#


You could see a hobgoblin (very poisoned), a goblin, a bat and a kobold.

Vanquished Creatures
  A dart slug (D:1)
  2 bats (D:1)
  3 goblins (D:1)
  2 hobgoblins (D:1)
  2 frilled lizards (D:1)
  2 kobolds (D:1)
12 creatures vanquished.

Notes
Turn   | Place    | Note
-------+----------+-------------------------------------------
     0 | D:1      | Froggeryz the Octopode Berserker began the quest for the
                  | Orb.
     0 | D:1      | Reached XP level 1. HP: 16/16 MP: 1/1
   178 | D:1      | Reached skill level 1 in Stealth
   178 | D:1      | Reached XP level 2. HP: 21/21 MP: 2/2
   190 | D:1      | Slain by a hobgoblin

Illustrated notes

Levels and vault maps discovered:
D:1:      dpeg_arrival_round_b, layout_loops_ring, serial_forest,
          infiniplex_forest_straight_2, infiniplex_forest_clump_C,
          infiniplex_forest_clump_medium, infiniplex_forest_straight_4,
          infiniplex_forest_split, st_stairs_11, minmay_misc_feat_more_columns,
          chequers_serial_rivers_micro_e, minmay_misc_feat_iff,
          minmay_nonomino_d4

Skill      XL: |  1 |
---------------+----+-----
Stealth        | 1 |  1.4
Fighting       | |  3.2
Maces & Flails | |  3.4
Dodging        | |  3.0

Action                   || total
-------------------------++-------
Melee: Mace              ||     8
       Dagger            ||    14
       Constrict         ||     6
       Tentacles         ||     6
 Stab: Sleeping          ||     1
Armor: Skin              ||     5
Dodge: Dodged            ||    25
